Map: Ultralove

Players

Jumy (ForJumy)

  • Race: Protoss Protoss
  • League: Grandmaster
  • Spawn Location: 7:00

BabyMarine - Winner!

  • Race: Terran Terran
  • Spawn Location: 1:00

Event: HomeStory Cup XXVI

VOD

Have the link to the VOD?

Description

Time

  • Played on: Nov. 30, 2024, 1:52 p.m.
  • Length: 13:44

All games in this series

Show
View Real Time Build Order
Export as new Build Order

Jumy Protoss 

Build Orders: 1 Gate Expand, Phoenix Opening, Colossus Rush 

Get SALT Encoding   

  12  0:00  Probe  
  13  0:12  Probe  
  14  0:17  Pylon  
  14  0:24  Probe  
  15  0:34  Probe  
  15  0:35  Gateway  
  15  0:42  Probe  
  16  0:47  Assimilator  
  17  0:52  Probe  
  18  1:04  Probe  
  19  1:17  Probe  
  20  1:25  Nexus  
  20  1:34  Cybernetics Core  
  20  1:37  Probe  
  21  1:43  Assimilator  
  21  1:49  Probe  
  22  1:55  Pylon  
  22  2:01  Probe  
  22  2:04  Adept  
  23  2:12  Warp Gate  
  23  2:13  Probe  
  26  2:25  Probe  
  27  2:33  Probe  
  27  2:34  Adept, Stargate  
  29  2:37  Probe  
  31  2:45  Probe  
  31  2:48  Gateway  
  31  2:50  Probe  
  33  2:58  Probe  
  34  3:02  Probe  
  35  3:05  Shield Battery  
  35  3:06  Adept  
  35  3:10  Probe  
  38  3:13  Pylon  
  38  3:16  Probe  
  39  3:20  Phoenix  
  39  3:24  Probe  
  42  3:29  Probe  
  43  3:35  Robotics Facility  
  43  3:36  Probe  
  43  3:37  Phoenix  
  44  3:41  Probe  
  44  3:48  Probe  
  48  3:51  Assimilator  
  48  3:52  Assimilator  
  48  3:53  Probe  
  49  3:55  Pylon  
  49  4:00  Probe  
  49  4:02  Phoenix  
  52  4:09  Stalker  
  54  4:13  Probe  
  53  4:17  Probe  
  54  4:24  Pylon  
  54  4:29  Robotics Bay  
  54  4:33  Pylon  
  54  4:36  Probe x2  
  54  4:42  Zealot  
  60  4:48  Probe  
  60  4:51  Immortal  
  61  4:56  Pylon, Phoenix  
  63  5:05  Shield Battery, Zealot x2  
  67  5:12  Pylon  
  65  5:14  Probe  
  65  5:15  Probe  
  58  5:22  Phoenix  
  58  5:27  Probe  
  59  5:32  Stalker  
  60  5:36  Probe  
  60  5:41  Colossus  
  60  5:42  Probe  
  61  5:48  Probe  
  61  5:49  Phoenix  
  61  5:51  Probe  
  66  6:03  Probe  
  64  6:14  Phoenix  
  64  6:18  Probe  
  65  6:19  Probe  
  66  6:26  Nexus  
  66  6:29  Observer  
  66  6:30  Probe  
  66  6:31  Probe  
  68  6:39  Colossus  
  69  6:40  Gateway x2  
  69  6:44  Sentry  
  69  6:46  Pylon  
  71  6:59  Pylon  
  77  7:05  Phoenix  
  79  7:13  Extended Thermal Lance  
  79  7:15  Gateway  
  77  7:18  Gateway, Colossus  
  77  7:35  Observer  
  77  7:36  Zealot x3  
  89  7:40  Gateway  
  89  7:44  Pylon  
  89  7:52  Stalker  
  89  7:56  Stalker x2  
  89  7:57  Sentry  
  97  8:00  Phoenix  
  97  8:04  Gateway  
  99  8:12  Stalker  
  101  8:19  Phoenix  
  101  8:29  Stalker x3  
  107  8:38  Zealot x4  
  115  8:56  Stalker x3  
  97  9:03  Stalker x3  
  97  9:04  Stalker  
  87  9:16  Stalker  
  89  9:21  Observer  
  85  9:24  Stalker x3  
  87  9:32  Stalker x3  
  87  9:37  Zealot  
  95  9:44  Sentry  
  97  9:49  Stalker x2  
  97  9:50  Zealot x2  
  95  10:02  Probe x3  
  92  10:08  Twilight Council  
  92  10:09  Zealot x3  
  92  10:11  Sentry  
  100  10:16  Probe  
  101  10:21  Stalker  
  101  10:22  Zealot x2, Probe  
  98  10:33  Stalker x3  
  98  10:35  Charge  
  86  10:40  Immortal  
  70  10:43  Phoenix  
  70  10:52  Zealot x2  
  68  11:02  Forge  
  66  11:04  Adept  
  66  11:09  Stalker x2  
  72  11:12  Disruptor  
  72  11:15  Shield Battery  
  72  11:19  Probe x2  
  78  11:26  Assimilator  
  78  11:27  Assimilator  
  78  11:29  Protoss Ground Armor Level 1  
  78  11:30  Stalker x2  
  78  11:31  Probe  
  82  11:40  Disruptor  
  82  11:42  Zealot x3  
  82  11:44  Zealot  
  90  11:53  Probe  
  90  11:54  Probe  
  96  12:01  Sentry  
  96  12:02  Pylon  
  96  12:03  Probe  
  98  12:16  Zealot  
  98  12:18  Zealot x4  
  111  12:29  Zealot x2  
  101  12:30  Zealot  
  101  12:40  Disruptor  
  101  12:42  Zealot x3, Probe  
  101  12:43  Zealot x2  
  103  12:45  Probe  
  100  12:57  Sentry x2, Pylon  
  94  13:02  Probe  
  83  13:08  Probe  
  83  13:10  Pylon  
  70  13:18  Stalker  
  59  13:28  Sentry x5  
  69  13:38  Pylon  
Show
View Real Time Build Order
Export as new Build Order

BabyMarine Terran - Winner!

Build Orders: 1/1/1, Liberator Opening 

Get SALT Encoding   

  12  0:00  SCV  
  13  0:12  SCV  
  14  0:16  Supply Depot  
  14  0:24  SCV  
  15  0:38  SCV  
  15  0:40  Barracks  
  16  0:43  Refinery  
  16  0:50  SCV  
  16  0:53  Refinery  
  17  1:02  SCV  
  18  1:14  SCV  
  19  1:26  Reaper  
  19  1:27  Orbital Command  
  19  1:29  Supply Depot  
  20  1:41  Factory  
  20  1:52  SCV  
  21  2:00  Barracks Reactor  
  21  2:04  SCV  
  22  2:16  Command Center  
  22  2:20  SCV  
  23  2:28  Starport  
  23  2:32  SCV  
  26  2:37  Marine, Widow Mine  
  26  2:39  Marine  
  28  2:44  Supply Depot  
  28  2:48  SCV  
  29  2:55  Marine  
  29  2:57  Marine  
  31  3:03  Factory Tech Lab  
  31  3:05  Medivac  
  31  3:06  SCV  
  34  3:12  Marine  
  34  3:14  Marine  
  37  3:20  SCV  
  37  3:30  Siege Tank, Marine  
  37  3:32  Marine  
  41  3:34  Orbital Command  
  41  3:39  SCV  
  42  3:48  Marine  
  42  3:50  Marine  
  42  3:51  SCV  
  42  3:52  Liberator  
  48  3:55  Supply Depot  
  48  4:01  SCV  
  49  4:04  SCV  
  49  4:07  Marine  
  51  4:13  SCV  
  52  4:20  Cyclone, Marine  
  52  4:21  SCV  
  55  4:26  Supply Depot, SCV, Barracks  
  56  4:33  SCV  
  56  4:34  Marine  
  56  4:38  SCV, Marine  
  60  4:40  Viking  
  62  4:54  Bunker  
  62  4:57  SCV x2  
  64  5:01  Marine x2  
  64  5:02  Cyclone  
  69  5:09  SCV  
  68  5:15  SCV  
  64  5:21  SCV  
  64  5:22  Marine x2  
  64  5:27  SCV  
  67  5:30  Barracks Tech Lab, Starport Reactor  
  67  5:33  SCV, Barracks  
  67  5:34  Command Center  
  65  5:39  SCV  
  65  5:40  Refinery, Engineering Bay  
  65  5:41  Refinery  
  61  5:50  SCV  
  61  5:53  Marine x2  
  61  5:54  Siege Tank  
  61  5:55  Stimpack  
  61  5:57  SCV  
  61  6:02  SCV  
  61  6:06  Marauder  
  61  6:07  Supply Depot, Terran Infantry Weapons Level 1  
  63  6:12  Marine x2  
  66  6:22  SCV x2, Barracks  
  66  6:28  Barracks  
  66  6:30  Marauder  
  65  6:33  Combat Shield, Missile Turret x2  
  65  6:34  Marine, Factory Reactor  
  65  6:35  Marine  
  65  6:39  Marauder  
  69  6:41  SCV x2  
  69  6:46  Orbital Command  
  71  6:52  Marauder  
  71  6:53  SCV  
  74  6:54  Medivac  
  74  6:56  Marine  
  74  6:57  Marine  
  74  7:00  Medivac  
  80  7:02  SCV  
  80  7:04  Marauder  
  83  7:09  SCV  
  83  7:11  Orbital Command  
  83  7:12  Barracks Tech Lab  
  83  7:13  Widow Mine x2  
  86  7:15  Marine x2  
  86  7:16  Marauder  
  86  7:17  Barracks Tech Lab  
  86  7:20  SCV  
  86  7:21  SCV  
  92  7:33  Supply Depot x2, Marauder  
  92  7:34  Supply Depot, Marine x2  
  92  7:35  Marauder  
  98  7:38  Concussive Shells  
  98  7:40  Marauder  
  100  7:48  Marauder  
  99  7:51  Viking  
  99  7:54  Viking  
  99  7:55  Marauder  
  99  7:58  SCV x2, Ghost Academy  
  107  7:59  SCV  
  108  8:06  Marauder x2  
  108  8:10  SCV x2  
  108  8:11  Supply Depot  
  108  8:12  Supply Depot, Marine x2  
  115  8:16  SCV  
  114  8:25  Marauder x2  
  114  8:26  Viking x2  
  122  8:31  SCV x3  
  122  8:32  Ghost  
  128  8:34  Ghost  
  128  8:35  Supply Depot  
  131  8:42  Missile Turret  
  131  8:47  Ghost  
  132  8:48  Marine x2  
  132  8:51  SCV x3  
  112  9:03  Marine x2  
  112  9:04  Marauder  
  112  9:06  SCV, Marine x2  
  103  9:14  Viking  
  94  9:17  Marauder  
  94  9:22  Marauder x2  
  85  9:24  Marine x2  
  85  9:25  Marauder  
  78  9:33  Widow Mine x2, Viking  
  84  9:38  Marauder  
  84  9:39  Refinery  
  84  9:40  Refinery  
  84  9:43  Marine, Marauder  
  84  9:44  Viking  
  90  9:47  Marauder  
  90  9:58  SCV  
  90  9:59  Marauder  
  83  10:00  Marine  
  83  10:05  Marauder  
  87  10:07  Orbital Command, Barracks  
  87  10:08  Marauder  
  87  10:10  SCV  
  89  10:18  Marine  
  89  10:21  Marauder  
  90  10:22  SCV  
  90  10:25  Marine  
  88  10:29  Marauder  
  88  10:34  Orbital Command  
  81  10:36  Marine  
  81  10:42  Marauder  
  73  10:44  Marauder  
  71  10:50  Marine  
  71  10:54  Marine  
  71  10:55  SCV x2  
  75  11:01  SCV  
  75  11:04  Marauder  
  78  11:05  Marine  
  78  11:07  SCV x2  
  78  11:08  Marine  
  78  11:09  Medivac  
  78  11:10  Refinery  
  84  11:13  SCV  
  84  11:16  Barracks Reactor  
  84  11:17  Marauder  
  87  11:19  SCV x2  
  89  11:26  SCV  
  89  11:28  Medivac  
  89  11:31  SCV x2  
  94  11:35  Marauder x2  
  94  11:36  Marauder  
  94  11:38  SCV  
  101  11:41  Supply Depot  
  101  11:43  SCV x2  
  101  11:46  Marauder  
  105  11:49  Medivac  
  105  11:50  SCV  
  108  11:55  SCV x2  
  108  11:56  Marine x2, Marauder  
  108  11:58  Marauder  
  116  12:02  SCV  
  116  12:04  Marauder  
  116  12:08  Marauder  
  121  12:11  Supply Depot  
  121  12:14  Viking  
  122  12:26  Marine x2, Marauder  
  122  12:27  Marauder  
  122  12:29  Marine, Marauder  
  110  12:32  Widow Mine  
  110  12:34  SCV  
  105  12:44  Marine  
  105  12:47  Marauder  
  105  12:48  Marauder x2  
  105  12:51  Marine, Marauder  
  107  12:53  SCV x2  
  107  13:02  Marine  
  101  13:06  Orbital Command  
  101  13:08  Marine, Marauder  
  101  13:09  Marine x2  
  101  13:12  Marine  
  98  13:20  SCV x2, Marine  
Tags
 
Add a new tag
Caveats
  • Supply blocks, unpowered buildings, or Contaminate may cause inaccurate times.
  • Supply counts are checked every 10 seconds.